 Dungeon Crawl Stone Soup version 0.25-a0-942-g87a53962fc (webtiles) character file.

Game seed: 3434620088504028361, levelgen mode: deterministic

56114 kae the Impaler (level 14, -2/113 HPs)
             Began as a Merfolk Ice Elementalist on May 6, 2020.
             Was the Champion of Okawaru.
             Slain by a tyrant leech (25 damage)
             ... on level 6 of the Lair of Beasts.
             The game lasted 00:22:39 (24330 turns).

kae the Impaler (Merfolk Ice Elementalist)         Turns: 24330, Time: 00:22:39

Health: -2/113     AC: 15    Str: 12    XL:     14   Next: 80%
Magic:  28/33      EV: 24    Int: 19    God:    Okawaru [******]
Gold:   4542       SH:  8    Dex: 14    Spells: 20/27 levels left

rFire    . . .     SeeInvis .   m - +6 spear (vamp)
rCold    + . .     Gourm    .   s - +2 buckler {AC+3}
rNeg     + . .     Faith    .   F - +3 steam dragon scales
rPois    +         Spirit   .   K - +0 hat {Int+3}
rElec    .         Reflect  .   l - +0 cloak {rPois}
rCorr    .         Harm     .   b - +0 pair of gloves
MR       +....                  n - +0 pair of boots
Stlth    +++.......             x - amulet "Pintalet" {+Rage rN+ Slay+2}
HPRegen  0.28/turn              e - ring of protection from cold
MPRegen  0.23/turn              z - ring of magical power

@: heroism, frozen ramparts
A: change form in water, swift swim, stealthy swim
a: Heroism, Finesse, Renounce Religion, Evoke Berserk Rage


You were on level 6 of the Lair of Beasts.
You worshipped Okawaru.
Okawaru was exalted by your worship.
You were hungry.

You visited 2 branches of the dungeon, and saw 17 of its levels.

You collected 4743 gold pieces.
You spent 201 gold pieces at shops.

Inventory:

Hand Weapons
 j - a +0 vorpal spear
 m - a +6 vampiric spear (weapon)
Armour
 b - a +0 pair of gloves (worn)
 l - a +0 cloak of poison resistance (worn)
 n - a +0 pair of boots (worn)
 s - a +2 buckler of protection (worn)
 F - +3 steam dragon scales (worn)
 K - a +0 hat of intelligence (worn)
Jewellery
 e - a ring of protection from cold (left hand)
 o - an uncursed ring of fire
 x - the amulet "Pintalet" (around neck) {+Rage rN+ Slay+2}
   (You found it on level 6 of the Dungeon)

   [amulet of rage]

   It affects your accuracy and damage with ranged weapons and melee attacks
   (+2).
   It protects you from negative energy.
   It lets you go berserk.
 z - a ring of magical power (right hand)
 J - an uncursed amulet of regeneration
 P - an uncursed ring of stealth {unknown}
Wands
 i - a wand of digging (10)
 k - a wand of acid (6)
 w - a wand of paralysis (17)
 y - a wand of iceblast (19)
 G - a wand of scattershot (4)
 H - a wand of random effects (31)
 M - a wand of disintegration (10)
 S - a wand of enslavement (12)
Scrolls
 h - a scroll of identify
 p - 6 scrolls of teleportation
 q - 3 scrolls of fog
 A - 10 scrolls of remove curse
 D - 4 scrolls of magic mapping
 E - a scroll of fear
 L - 2 scrolls of brand weapon
 N - a scroll of enchant armour
 O - 2 scrolls of enchant weapon
Potions
 a - 5 potions of lignification
 d - a potion of berserk rage
 f - 3 potions of ambrosia
 g - 2 potions of haste
 r - 4 potions of might
 t - 2 potions of stabbing
 u - 2 potions of mutation
 v - a potion of resistance
 B - 2 potions of brilliance
 C - 4 potions of curing
 I - 3 potions of heal wounds
 Q - 2 potions of magic
 R - a potion of cancellation
 T - a potion of flight
Comestibles
 c - 27 rations
 U - 4 chunks of flesh


   Skills:
 - Level 11.0(16.0) Fighting
 - Level 16.0(21.0) Polearms
 - Level 13.0(18.0) Dodging
 - Level 2.1(7.1) Stealth
 - Level 4.0(9.0) Shields
 - Level 7.0 Spellcasting
 - Level 12.0 Ice Magic
 + Level 12.9 Invocations


You had 20 spell levels left.
You knew the following spells:

 Your Spells              Type           Power        Failure   Level  Hunger
a - Freeze                Ice            ####         1%          1    None
b - Frozen Ramparts       Ice            ######       1%          3    #......
c - Ozocubu's Armour      Chrm/Ice       ####....     2%          3    #......

Your spell library contained the following spells:

 Spells                   Type           Power        Failure   Level  Hunger
 Hailstorm                Conj/Ice       ####....     9%          4    ###....
 Summon Ice Beast         Ice/Summ       ####....     9%          4    ###....
 Infusion                 Chrm           #...         10%         1    None
 Magic Dart               Conj           #...         10%         1    None
 Sandblast                Erth           #.....       10%         1    None
 Passwall                 Tmut/Erth      #.......     16%         2    None
 Poisonous Vapours        Pois/Air       #.....       16%         2    None
 Searing Ray              Conj           #.....       16%         2    None
 Shroud of Golubria       Chrm/Tloc      #.....       16%         2    None
 Song of Slaying          Chrm           #.......     16%         2    None
 Conjure Flame            Conj/Fire      #.......     30%         3    #......
 Dazzling Flash           Conj/Hex       #.....       30%         3    #......
 Mephitic Cloud           Conj/Pois/Air  #.......     30%         3    #......
 Spectral Weapon          Hex/Chrm       #.......     30%         3    #......
 Stone Arrow              Conj/Erth      #.....       30%         3    #......
 Fulminant Prism          Conj/Hex       #.........   69%         4    ###....
 Iskenderun's Mystic Bla  Conj/Tloc      #.......     69%         4    ###....
 Leda's Liquefaction      Hex/Erth       #.........   69%         4    ###....
 Petrify                  Tmut/Erth      #.......     69%         4    ###....
 Bolt of Magma            Conj/Fire/Erth #.........   95%         5    #####..
 Lee's Rapid Deconstruct  Erth           #.........   95%         5    #####..
 Freezing Cloud           Conj/Ice/Air   ###.......   96%         6    ######.
 Iron Shot                Conj/Erth      #.........   100%        6    ######.
 Statue Form              Tmut/Erth      #........    100%        6    ######.
 Ring of Flames           Chrm/Fire      #.........   100%        7    #######
 Shatter                  Erth           #.........   100%        9    #######


Dungeon Overview and Level Annotations

Branches:
Dungeon (11/15)            Temple (0/1) D:6            Lair (6/6) D:9
 Shoals (0/4) Lair:3       Spider (0/4) Lair:3        Slime (0/5) Lair:6
    Orc (0/2) D:9

Altars:
Elyvilon
Hepliaklqana
Nemelex Xobeh
Okawaru
Qazlal
Ru
Trog
Uskayaw
Vehumet
Zin
The Shining One
Jiyva

Shops:
D:6 [*?   D:9 !

Annotations:
D:5 2 transporters, Hasart's ghost, novice DEWz
D:9 Erolcha; Psyche
D:11 3 runed translucent doors, Rot Kaog's ghost, journeyman DDFi
Lair:6 1 runed translucent door, exclusion: oklob plant


Message History

You hit the tyrant leech.
You feel better.
The tyrant leech is heavily wounded.
You hit the tyrant leech.
The tyrant leech is heavily wounded.
You puncture the tyrant leech!
You feel better.
The tyrant leech is heavily wounded.
The wall freezes the tyrant leech.
The tyrant leech bites you!!
* * * LOW HITPOINT WARNING * * *
The tyrant leech draws strength from your injuries!
You gain the combat prowess of a mighty hero.
The wall freezes the tyrant leech.
The tyrant leech bites you.
* * * LOW HITPOINT WARNING * * *
You closely miss the tyrant leech.
The tyrant leech is heavily wounded.
You puncture the tyrant leech!
The tyrant leech is severely wounded.
You puncture the tyrant leech!
You feel better.
The tyrant leech is almost dead.
The wall freezes the tyrant leech.
The tyrant leech bites you!!
You die...

......PP.# P......
.........# #......
###.#...## ##$..."
##..#P.## #PPP...
#####..# #.P..####
#...# #.†.#.## $
##..## #÷..#.# .. .$
##..## ####.P..#...
$D###...#
##@#....?.w#
#+#⌠..##
##.#w.....###
##P..## #.#.....##.#
#...### ###.....###
##
###...#####.....#..#
##...#.#.....##....
##........#####....
###.P.##.# ####
########


You could see a tyrant leech.

Vanquished Creatures
  Gastronok (Lair:2)
  5 hydras
  Erica (D:8)
  3 death yaks (Lair:4)
  A queen ant (D:10)
  Sonja (Lair:2)
  Nergalle (Lair:1)
  A lindwurm (Lair:6)
  An orb spider (Lair:3)
  An ugly thing (D:10)
  34 elephants
  A merfolk siren (Lair:3)
  Maurice (D:8)
  A gargoyle (D:11)
  2 black mambas (Lair:1)
  10 spiny frogs
  6 torpor snails
  Maggie (D:8)
  A rime drake (Lair:2)
  3 komodo dragons
  A queen bee (D:8)
  9 hornets
  A troll (D:10)
  A polar bear (Lair:4)
  Prince Ribbit (D:7)
  2 tyrant leeches (Lair:6)
  20 blink frogs
  6 dream sheep (Lair:4)
  4 hippogriffs
  A spriggan (Lair:2)
  A vampire (D:11)
  31 yaks
  A hungry ghost (D:11)
  4 wyverns
  2 basilisks
  A warg (Lair:6)
  20 soldier ants (D:10)
  11 water moccasins
  5 porcupines
  A hell hound (Lair:6)
  5 ice beasts
  3 black bears
  4 orc warriors
  2 phantoms
  3 ogres
  21 wolves
  4 centaurs
  8 bullfrogs
  9 crocodiles
  2 gnoll sergeants
  2 scorpions
  3 wyvern skeletons
  4 wights (D:7)
  16 killer bees
  4 howler monkeys
  2 electric eels (Lair:3)
  4 crimson imps
  7 hounds
  3 jellies
  A bullfrog zombie (D:9)
  A bullfrog skeleton (D:10)
  A centaur zombie (D:10)
  14 orc wizards
  An orc priest (D:5)
  3 centaur skeletons
  3 iguanas
  26 worker ants
  2 hound zombies
  16 gnolls
  A howler monkey skeleton (D:8)
  10 adders
  6 shadow imps
  An ooze (D:2)
  2 worms
  4 dart slugs
  5 leopard geckos
  33 orcs
  8 bats
  4 giant cockroaches
  10 goblins
  8 hobgoblins
  7 jackals
  4 kobolds
  5 quokkas
  3 ball pythons
  6 frilled lizards
  4 rats
494 creatures vanquished.

Vanquished Creatures (others)
  87 fungi
  49 plants
136 creatures vanquished.

Grand Total: 630 creatures vanquished

Notes
Turn   | Place    | Note
-------+----------+-------------------------------------------
     0 | D:1      | kae the Merfolk Ice Elementalist began the quest for the
                  | Orb.
     0 | D:1      | Reached XP level 1. HP: 13/13 MP: 3/3
   253 | D:1      | Reached XP level 2. HP: 19/19 MP: 1/5
   811 | D:1      | Reached skill level 5 in Ice Magic
   990 | D:2      | Reached XP level 3. HP: 18/24 MP: 0/6
  1174 | D:2      | Reached skill level 1 in Polearms
  1323 | D:2      | Reached XP level 4. HP: 30/30 MP: 5/7
  1816 | D:3      | Reached skill level 2 in Polearms
  2196 | D:3      | Found a white marble altar of Elyvilon.
  2219 | D:3      | Found a sparkling altar of Nemelex Xobeh.
  2235 | D:3      | Reached skill level 1 in Shields
  2235 | D:3      | Reached XP level 5. HP: 35/35 MP: 9/9
  2582 | D:4      | Reached skill level 3 in Polearms
  2986 | D:4      | Reached skill level 4 in Polearms
  2986 | D:4      | Reached XP level 6. HP: 26/41 MP: 6/10
  3173 | D:4      | Found a hazy altar of Hepliaklqana.
  3745 | D:5      | Entered Level 5 of the Dungeon
  3898 | D:5      | Found a bloodstained altar of Trog.
  3979 | D:5      | Reached skill level 5 in Polearms
  3979 | D:5      | Reached XP level 7. HP: 37/46 MP: 8/12
  4079 | D:5      | Found a transporter.
  4081 | D:5      | Noticed Hasart's ghost (novice DEWz)
  4257 | D:5      | Found a glowing silver altar of Zin.
  4503 | D:5      | Reached skill level 6 in Polearms
  4804 | D:5      | Found a stormy altar of Qazlal.
  4823 | D:5      | Found a transporter.
  5057 | D:6      | Learned a level 3 spell: Frozen Ramparts
  5061 | D:6      | Learned a level 3 spell: Ozocubu's Armour
  5073 | D:6      | Reached XP level 8. HP: 52/52 MP: 13/13
  5221 | D:6      | Found Kat Yps's Magic Scroll Boutique.
  5233 | D:6      | Reached skill level 7 in Polearms
  5413 | D:6      | Found Semu's Assorted Antiques.
  5498 | D:6      | Bought a scroll of identify for 64 gold pieces
  5498 | D:6      | Bought a scroll labeled KIAN OL OD XID for 32 gold pieces
  5498 | D:6      | Bought a fuming golden potion for 28 gold pieces
  5604 | D:6      | Found Irrimeutz's General Store.
  5632 | D:6      | Got an ancient crystal amulet
  5749 | D:6      | Found a sacrificial altar of Ru.
  5753 | D:6      | Found a glowing golden altar of the Shining One.
  5754 | D:6      | Found an iron altar of Okawaru.
  5879 | D:6      | Found a radiant altar of Vehumet.
  5907 | D:6      | Found a staircase to the Ecumenical Temple.
  5998 | D:6      | Found Hucvu's Antique Armour Boutique.
  6009 | D:6      | Bought an embroidered robe for 77 gold pieces
  6139 | D:6      | Became a worshipper of Warmaster Okawaru
  6142 | D:6      | Identified the amulet "Pintalet" {+Rage rN+ Slay+2} (You
                  | found it on level 6 of the Dungeon)
  6454 | D:7      | Found a hide-covered altar of Uskayaw.
  6458 | D:7      | Reached skill level 8 in Polearms
  6828 | D:7      | Reached XP level 9. HP: 39/57 MP: 12/15
  6946 | D:7      | Reached skill level 9 in Polearms
  7198 | D:7      | Noticed Prince Ribbit
  7499 | D:7      | Killed Prince Ribbit
  7499 | D:7      | Reached * piety under Okawaru
  7499 | D:7      | Reached skill level 5 in Spellcasting
  7726 | D:8      | Reached skill level 10 in Polearms
  7774 | D:8      | Reached ** piety under Okawaru
  8007 | D:8      | Noticed Erica
  8029 | D:8      | Killed Erica
  8029 | D:8      | Reached skill level 11 in Polearms
  8029 | D:8      | Reached skill level 10 in Ice Magic
  8029 | D:8      | Reached XP level 10. HP: 35/63 MP: 13/18
  8193 | D:8      | Noticed Maggie
  8219 | D:8      | Killed Maggie
  8321 | D:8      | Reached skill level 12 in Polearms
  8334 | D:8      | Reached *** piety under Okawaru
  8865 | D:8      | Noticed Maurice
  9789 | D:8      | Killed Maurice
  9893 | D:9      | Found Texkaolade's Distillery.
 10101 | D:9      | Found a staircase to the Lair.
 10335 | D:9      | Found a staircase to the Orcish Mines.
 10342 | D:9      | Noticed Psyche
 10505 | D:9      | Reached **** piety under Okawaru
 10505 | D:9      | Reached skill level 13 in Polearms
 10547 | D:9      | Found an iron altar of Okawaru.
 10581 | D:9      | Noticed Erolcha
 10862 | D:10     | Entered Level 10 of the Dungeon
 11424 | D:10     | Reached XP level 11. HP: 57/68 MP: 19/21
 11579 | D:10     | Noticed a red ugly thing
 11597 | D:10     | Killed a red ugly thing
 11974 | D:10     | Noticed a queen ant
 12020 | D:10     | Killed a queen ant
 12020 | D:10     | Reached skill level 14 in Polearms
 12176 | D:10     | Reached ***** piety under Okawaru
 12304 | D:10     | Reached skill level 15 in Polearms
 12341 | D:10     | Received a gift from Okawaru
 12464 | D:10     | Reached skill level 16 in Polearms
 12783 | D:11     | Reached skill level 1 in Fighting
 12980 | D:11     | Found a runed translucent gate.
 12980 | D:11     | Found a runed translucent gate.
 12981 | D:11     | Found a runed translucent gate.
 12983 | D:11     | Noticed Rot Kaog's ghost (journeyman DDFi)
 13682 | D:11     | Received a gift from Okawaru
 13682 | D:11     | Reached skill level 5 in Dodging
 13686 | D:11     | Got a pair of steaming boots {god gift}
 13697 | D:11     | Identified the +1 pair of boots of the New World {rCorr
                  | Int+3 Dex+5 Slay-5} (Okawaru gifted it to you on level 11
                  | of the Dungeon)
 14092 | Lair:1   | Entered Level 1 of the Lair of Beasts
 14095 | Lair:1   | Noticed Nergalle
 14121 | Lair:1   | Noticed a spectral orc warlord
 14137 | Lair:1   | Killed Nergalle
 14169 | Lair:1   | Reached XP level 12. HP: 75/83 MP: 22/22
 14787 | Lair:1   | Reached skill level 5 in Fighting
 16141 | Lair:1   | Identified a scroll of acquirement
 16141 | Lair:1   | Identified the Catalogue of the Lethal Arsonist (You
                  | acquired it on level 1 of the Lair of Beasts)
 16141 | Lair:1   | Identified the amulet of Puoc {RegenMP rElec} (You acquired
                  | it on level 1 of the Lair of Beasts)
 16888 | Lair:2   | Received a gift from Okawaru
 16888 | Lair:2   | Reached skill level 10 in Dodging
 16980 | Lair:2   | Noticed an eight-headed hydra
 17001 | Lair:2   | Killed an eight-headed hydra
 17253 | Lair:2   | Noticed Gastronok
 17281 | Lair:2   | HP: 4/95 [Gastronok/the air (22)]
 17631 | Lair:2   | Reached XP level 13. HP: 101/101 MP: 23/23
 17773 | Lair:2   | Noticed Sonja
 17791 | Lair:2   | Killed Sonja
 17794 | Lair:2   | Reached ****** piety under Okawaru
 17928 | Lair:2   | Killed Gastronok
 17928 | Lair:2   | Reached skill level 10 in Fighting
 18069 | Lair:2   | Received a gift from Okawaru
 18347 | Lair:2   | Noticed a dire elephant
 18853 | Lair:3   | Found a staircase to the Shoals.
 18917 | Lair:3   | Found a hole to the Spider Nest.
 19141 | Lair:3   | Reached skill level 1 in Invocations
 20198 | Lair:3   | Reached skill level 5 in Invocations
 20336 | Lair:3   | Received a gift from Okawaru
 20780 | Lair:4   | Reached XP level 14. HP: 46/113 MP: 24/24
 22162 | Lair:5   | Received a gift from Okawaru
 22546 | Lair:5   | Reached skill level 10 in Invocations
 23062 | Lair:6   | Entered Level 6 of the Lair of Beasts
 23895 | Lair:6   | Found a viscous altar of Jiyva.
 23896 | Lair:6   | Found a staircase to the Slime Pits.
 24031 | Lair:6   | Found a runed translucent door.
 24081 | Lair:6   | Received a gift from Okawaru
 24330 | Lair:6   | Slain by a tyrant leech

Levels and vault maps discovered:
D:1:      dpeg_arrival_orchard, layout_basic, serial_bayou_crossing
D:2:      layout_rooms, minmay_misc_feat_secret_circle, minmay_pentomino_pile
D:3:      layout_basic, nemelex_altar_shiori, lemuel_crystal_altar,
          first_ration, minmay_box_of_dots
D:4:      layout_gridville, nicolae_overflow_crystal_walls
D:5:      layout_loops_ring, nicolae_overflow_hidden_temple,
          lemuel_crystal_altar, gammafunk_ghost_mausoleum
D:6:      layout_rooms, kennysheep_mini_moat,
          gammafunk_temple_overflow_forgotten, lemuel_temple_firewalk_b,
          serial_shops, shop, nicolae_shop_window_shopping, shop,
          kennysheep_little_box
D:7:      layout_loops_ring, eat_drink_and_be_merry_uskayaw, uniq_prince_ribbit1
D:8:      layout_rooms, enter_bailey_3, david_nohive_1, uniq_maggie,
          uniq_maurice, uniq_erica
D:9:      layout_small_grid, lair_entry_dummy, orc_0_dummy, serial_shops,
          nicolae_shop_temple_entry_statues_fountains, okawaru_trees_2,
          uniq_erolcha, uniq_psyche
D:10:     layout_cave_pools, minivault_29
D:11:     layout_basic, gammafunk_ghost_spectres
Lair:1:   layout_long_grid, minivault_19, serial_bayou_shore_b,
          infiniplex_staircase_pool, uniq_nergalle
Lair:2:   mu_elephants_graveyard, layout_regular_city,
          chequers_serial_rivers_micro_b, uniq_sonja, uniq_gastronok
Lair:3:   layout_roguey, minmay_shoals_entry_lonely_mermaid,
          nicolae_spider_entry_orb_guardian, serial_bayou_shore_a
Lair:4:   layout_layer_cave
Lair:5:   layout_regular_city
Lair:6:   wormcave, layout_regular_city, hangedman_lair_caniforms_friends,
          slime_altar_1, minmay_lair_oklob_bushes, serial_bayou_shore_b

Skill      XL: |  1  2  3  4  5  6  7  8  9 10 11 12 13 14 |
---------------+-------------------------------------------+-----
Ice Magic      | 5 6 7 8 10 11 12 | 12.0
Polearms       | 1 2 4 5 6 8 11 13 16 | 16.0
Shields        | 1 2 3 4 |  4.0
Spellcasting   | 3 4 5 6 7 |  7.0
Dodging        | 6 11 13 | 13.0
Fighting       | 4 9 11 | 11.0
Invocations    | 7 12 | 12.9
Stealth        | |  2.1

Action                   |  1- 3 |  4- 6 |  7- 9 | 10-12 | 13-15 || total
-------------------------+-------+-------+-------+-------+-------++-------
Melee: Unarmed           |    15 |       |       |       |       ||    15
       Whip              |    22 |       |       |       |       ||    22
       Spear             |    37 |   117 |   210 |   976 |   913 ||  2253
       Tailslap          |       |       |       |       |     2 ||     2
 Cast: Freeze            |    28 |    53 |   106 |    99 |    43 ||   329
       Frozen Ramparts   |       |       |     8 |    32 |    42 ||    82
       Ozocubu's Armour  |       |       |       |     1 |       ||     1
Invok: Heroism           |       |       |       |     9 |     5 ||    14
Evoke: Wand              |       |       |     2 |     3 |     1 ||     6
  Use: Scroll            |       |    12 |     9 |    16 |     5 ||    42
       Potion            |       |       |     1 |     5 |       ||     6
 Stab: Sleeping          |     2 |     5 |     8 |     8 |     2 ||    25
       Distracted        |       |       |     1 |     1 |     3 ||     5
       Paralysed         |       |       |       |     9 |       ||     9
  Eat: Chunk             |     2 |     8 |     6 |    28 |    20 ||    64
       Ration            |       |       |     2 |     1 |     1 ||     4
Armor: Robe              |    22 |    25 |    24 |     1 |       ||    72
       Steam dragon scal |       |       |       |   163 |   125 ||   288
Dodge: Dodged            |    63 |    59 |    92 |   415 |   452 ||  1081
Block: Buckler           |     7 |    12 |    42 |   129 |   160 ||   350

Table legend:
 A = Non-vault XP
 B = Vault XP
 C = Vault XP percentage of total XP
 D = Non-vault monster count
 E = Vault monster count
 F = Vault count percentage of total count
                 A         B        C        D         E       F
            +---------+---------+-------+---------+---------+-------
      Total |   52625 |   27539 |  34.4 |     383 |     111 |  22.5
            +---------+---------+-------+---------+---------+-------
        D:1 |      26 |       0 |   0.0 |      14 |       0 |   0.0
        D:2 |      50 |      31 |  38.3 |      19 |       5 |  20.8
        D:3 |      84 |       0 |   0.0 |      30 |       0 |   0.0
        D:4 |     257 |       0 |   0.0 |      10 |       0 |   0.0
        D:5 |     513 |       0 |   0.0 |      25 |       0 |   0.0
        D:6 |     892 |       0 |   0.0 |      20 |       0 |   0.0
        D:7 |     996 |     283 |  22.1 |      19 |       1 |   5.0
        D:8 |    1506 |    2902 |  65.8 |      21 |      21 |  50.0
        D:9 |     998 |       0 |   0.0 |      15 |       0 |   0.0
       D:10 |    1766 |    4619 |  72.3 |      21 |      40 |  65.6
       D:11 |    2413 |       0 |   0.0 |      34 |       0 |   0.0
     Lair:1 |    5727 |     777 |  11.9 |      27 |       1 |   3.6
     Lair:2 |    5189 |   12212 |  70.2 |      22 |      21 |  48.8
     Lair:3 |    7356 |    1086 |  12.9 |      27 |       2 |   6.9
     Lair:4 |    7555 |       0 |   0.0 |      27 |       0 |   0.0
     Lair:5 |    6921 |       0 |   0.0 |      22 |       0 |   0.0
     Lair:6 |   10376 |    5629 |  35.2 |      30 |      20 |  40.0
            +---------+---------+-------+---------+---------+-------
